 Dungeon Crawl Stone Soup version 0.19.5 (webtiles) character file.

299 Jerry the Ruffian (level 6, -4/43 HPs)
             Began as an Octopode Fighter on Mar 23, 2017.
             Slain by an ogre
             ... wielding a +0 giant spiked club
              (14 damage)
             ... on level 4 of the Dungeon.
             The game lasted 00:09:49 (3978 turns).

Jerry the Ruffian (Octopode Fighter)                Turns: 3978, Time: 00:09:49

Health: -4/43      AC:  4    Str: 15    XL:     6   Next: 36%
Magic:  6/6        EV: 12    Int: 12    God:
Gold:   152        SH:  9    Dex: 12    Spells: 0 memorised, 5 levels left

rFire  . . .     SeeInvis .       - Unarmed
rCold  . . .     Gourm    .     a - +0 shield
rNeg   . . .     Faith    .     (helmet restricted)
rPois  .         Spirit   .     (no amulet)
rElec  .         Reflect  .     o - +3 ring of protection
rCorr  .         Harm     .     (no ring)
MR     .....                    (no ring)
Stlth  +++.......               (no ring)
                                (no ring)
                                (no ring)
                                (no ring)
                                (no ring)

@: no status effects
A: almost no armour, stealthy swim, amphibious, 8 rings, constrict 8, camouflage
1, gelatinous body 1
a: no special abilities


You were on level 4 of the Dungeon.
You were hungry.

You visited 1 branch of the dungeon, and saw 4 of its levels.

You collected 152 gold pieces.

Inventory:

Armour
 a - a +0 shield (worn)
Jewellery
 o - a +3 ring of protection (left tentacle)
Scrolls
 d - 3 scrolls of remove curse {unknown}
 f - 2 scrolls of recharging {unknown}
 h - 6 scrolls of identify {unknown}
 i - 2 scrolls of blinking {unknown}
 j - a scroll of enchant armour {unknown}
 m - a scroll of random uselessness {unknown}
 p - a scroll of magic mapping {unknown}
 q - a scroll of teleportation {unknown}
Potions
 b - a potion of might
 e - 2 potions of curing {unknown}
 g - 2 potions of flight {unknown}
 k - a potion of resistance {unknown}
 n - a potion of magic {unknown}
Comestibles
 c - 4 bread rations
 l - a meat ration


   Skills:
 + Level 4.0 Fighting
 + Level 3.7 Dodging
 + Level 3.2 Stealth
 + Level 3.9 Shields
 * Level 4.1 Unarmed Combat


You had 5 spell levels left.
You didn't know any spells.

Dungeon Overview and Level Annotations

Branches:
Dungeon (4/15)
 Temple: D:4-7

Altars:
Nemelex Xobeh

Annotations:
D:3 MirrMurr's ghost, amateur SpEn


Innate Abilities, Weirdness & Mutations

You cannot wear most types of armour.
You are very stealthy in the water. (Stealth+)
You are amphibious.
You can wear up to eight rings at the same time.
You can use your tentacles to constrict eight enemies at once.
Your skin changes colour to match your surroundings (Stealth+).
Your rubbery body absorbs attacks. (AC +1, EV +1)


Message History

The ogre is lightly wounded.
The ogre hits you with a giant spiked club.
You tentacle-slap the ogre. You squeeze the ogre, but do no damage.
The ogre is moderately wounded.
The ogre hits you with a giant spiked club!
You completely miss the ogre.
The ogre is moderately wounded.
You tentacle-slap the ogre.
The ogre is heavily wounded.
The ogre hits you with a giant spiked club!
* * * LOW HITPOINT WARNING * * *
You tentacle-slap the ogre. Your squeeze misses the ogre.
The ogre is heavily wounded.
The ogre completely misses you.
You tentacle-slap the ogre.
The ogre is severely wounded.
You tentacle-slap the ogre. Your squeeze misses the ogre.
The ogre is severely wounded.
The ogre hits you with a giant spiked club!
You die...

#.# #.# #.# #.# #
#####.## # #...... #
#..##O# ###.###+##
#..##@#
....##...###..##.##
#####.....##..##..# #
# ##.......#..###.#.#
###...........##....#
..'......^..........#
###.................#
# ##.......######.###
# ##.....## #.#


You could see an ogre.

Vanquished Creatures
  An orc priest (D:3)
  Terence (D:3)
  A worker ant (D:4)
  5 gnolls
  7 adders
  3 oozes
  4 worms
  3 dart slugs (D:2)
  A leopard gecko (D:3)
  8 orcs
  2 ball pythons (D:3)
  8 bats
  6 giant cockroaches
  4 goblins
  10 hobgoblins
  5 kobolds
  2 quokkas (D:3)
  6 frilled lizards
  5 rats
82 creatures vanquished.

Notes
Turn   | Place    | Note
-------+----------+-------------------------------------------
     0 | D:1      | Jerry the Octopode Fighter began the quest for the Orb.
     0 | D:1      | Reached XP level 1. HP: 16/16 MP: 1/1
   412 | D:1      | Reached skill level 1 in Stealth
   412 | D:1      | Reached XP level 2. HP: 19/21 MP: 2/2
   781 | D:1      | Reached XP level 3. HP: 16/26 MP: 3/3
  1192 | D:1      | Reached XP level 4. HP: 25/31 MP: 4/4
  1902 | D:2      | Reached XP level 5. HP: 27/36 MP: 5/5
  2137 | D:3      | Noticed MirrMurr's ghost (amateur SpEn)
  2147 | D:3      | Noticed Terence
  2175 | D:3      | Killed Terence
  2939 | D:3      | Found a sparkling altar of Nemelex Xobeh.
  2985 | D:3      | Reached XP level 6. HP: 41/43 MP: 6/6
  3978 | D:4      | Slain by an ogre

Skill      XL: |  1  2  3  4  5  6 |
---------------+-------------------+-----
Stealth        | 1 2 3 |  3.2
Unarmed Combat | 3 4 |  4.1
Fighting       | 4 |  4.0
Dodging        | |  3.7
Shields        | |  3.9

Action                   |  1- 3 |  4- 6 || total
-------------------------+-------+-------++-------
Melee: Unarmed           |    52 |   154 ||   206
       Constrict         |    10 |    45 ||    55
       Tentacles         |    10 |    39 ||    49
       Punch             |       |     4 ||     4
 Stab: Sleeping          |     1 |    10 ||    11
       Distracted        |       |     1 ||     1
  Eat: Chunk             |     1 |     8 ||     9
Armor: Skin              |     9 |     4 ||    13
Dodge: Dodged            |    29 |    53 ||    82
Block: Shield            |    27 |    50 ||    77
